AoeStats
← Rullandebulle

Black Forest

509165254Analyzed
3v3 RM · 7d ago on Sep 25, 2026· 69m 49s· 6 players
Game mode
Random Map
Map size
Normal (6 player)
Population
200
Speed
Normal
Resources
Standard
Victory
Conquest
Starting age
Dark Age
Ending age
Imperial Age
RankedLock teamsTeams togetherTeam positionsShared explorationLock speedFull tech treeHidden civsTurbo modeCheats
Victory
Defeat
🇸🇪 Berbers · Sweden
1537
+7
🇸🇪 Teutons · Sweden
1412
+12
🇸🇪 Chinese · Sweden
1091
+25
🇩🇪 Saracens · Germany
1489
-21
🇩🇪 Burgundians · Germany
1415
-18
🇺🇸 Varangians · United States
1034
-5
ClaesErik
1:21 Loom
11:35 Feudal Age
17:09 Castle Age
15:44 Double-Bit Axe
18:00 Bow Saw
18:09 Stone Mining
19:26 Horse Collar
24:57 Heavy Plow
26:17 Wheelbarrow
26:41 Scale Mail Armor
26:52 Forging
27:22 Hand Cart
30:26 Imperial Age
28:04 Scale Mail Armor
28:15 Forging
28:09 Squires
28:41 Gold Mining
29:48 Hand Cart
30:03 Pikeman
31:35 Conscription
30:43 Elite Teutonic Knight
31:55 Chain Mail Armor
32:15 Iron Casting
31:11 Halberdier
33:09 Chemistry
34:10 Crenellations
38:15 Plate Mail Armor
38:46 Blast Furnace
39:13 Fletching
43:18 Crenellations
45:02 Bodkin Arrow
46:28 Bodkin Arrow
46:34 Padded Archer Armor
47:47 Two-Man Saw
47:19 Crop Rotation
47:53 Ballistics
47:39 Siege Engineers
49:11 Leather Archer Armor
48:18 Elite Skirmisher
50:52 Ring Archer Armor
59:14 Caravan
67:55 Scale Barding Armor
69:46 Bloodlines
68:58 Cavalier
Rullandebulle
0:45 Loom
15:05 Feudal Age
16:30 Town Watch
23:35 Wheelbarrow
24:12 Double-Bit Axe
28:42 Castle Age
27:05 Stone Mining
29:43 Bow Saw
34:11 Gold Mining
36:44 Fletching
36:59 Padded Archer Armor
39:05 Leather Archer Armor
39:43 Hand Cart
40:42 Gold Shaft Mining
40:43 Stone Shaft Mining
41:34 Bodkin Arrow
42:12 Ballistics
46:15 Imperial Age
45:33 Pikeman
46:13 Squires
46:17 Scale Mail Armor
46:28 Forging
46:37 Town Patrol
47:28 Conscription
46:40 Elite Chu Ko Nu
47:07 Halberdier
47:46 Horse Collar
50:19 Caravan
50:57 Bracer
51:19 Chain Mail Armor
52:53 Ring Archer Armor
60:34 Plate Mail Armor
59:54 Arson
70:25 Chemistry
70:02 Iron Casting
Glassen
12:33 Feudal Age
12:55 Loom
14:38 Scale Barding Armor
17:09 Castle Age
22:10 Double-Bit Axe
23:49 Fishing Lines
24:20 Bow Saw
24:50 Bloodlines
28:31 Chain Barding Armor
31:56 Wheelbarrow
31:06 Town Watch
35:19 Hand Cart
35:16 Gold Mining
36:14 Fortified Wall
39:09 Imperial Age
36:42 Husbandry
36:34 Fletching
36:44 Padded Archer Armor
36:56 Forging
36:55 Light Cavalry
37:33 Bodkin Arrow
37:53 Kasbah
38:28 Gillnets
39:22 Leather Archer Armor
40:25 Conscription
40:09 Bracer
41:17 Chemistry
41:34 Town Patrol
41:17 Hussar
44:39 Ring Archer Armor
45:41 Plate Barding Armor
46:01 Scale Mail Armor
46:45 Iron Casting
46:56 Elite Camel Archer
48:23 Ballistics
48:19 Siege Engineers
50:23 Guilds
52:58 Gold Shaft Mining
53:39 Blast Furnace
58:28 Stone Mining
58:59 Caravan
61:51 Maghrebi Camels
64:00 Coinage
65:54 Masonry
65:26 Treadmill Crane
67:13 Horse Collar
Timmeck2
9:29 Feudal Age
10:03 Double-Bit Axe
15:05 Fletching
18:18 Padded Archer Armor
18:13 Gold Mining
18:05 Horse Collar
19:24 Wheelbarrow
23:27 Castle Age
22:32 Stone Mining
23:30 Crossbowman
24:05 Bodkin Arrow
25:55 Bow Saw
28:54 Heavy Plow
33:24 Imperial Age
32:22 Hand Cart
31:53 Loom
33:46 Forging
33:42 Scale Barding Armor
34:36 Bloodlines
34:26 Husbandry
35:33 Onager
37:13 Iron Casting
38:42 Conscription
39:32 Blast Furnace
39:00 Elite Mameluke
42:55 Leather Archer Armor
42:40 Bracer
43:51 Two-Man Saw
44:42 Chemistry
44:11 Masonry
44:22 Ballistics
45:29 Ring Archer Armor
45:08 Arbalester
45:53 Thumb Ring
46:30 Arrowslits
46:36 Guard Tower
49:49 Caravan
52:50 Chain Barding Armor
51:53 Light Cavalry
53:16 Counterweights
55:04 Siege Onager
58:17 Plate Barding Armor
57:49 Hussar
57:54 Heavy Camel Rider
60:48 Fortified Wall
Phil
15:38 Feudal Age
14:05 Double-Bit Axe
14:03 Fishing Lines
15:51 Wheelbarrow
17:18 Loom
17:52 Gillnets
20:09 Castle Age
18:43 Bow Saw
21:00 Hand Cart
22:01 Two-Man Saw
22:10 Horse Collar
22:49 Gillnets
23:46 Scale Barding Armor
24:56 Chain Barding Armor
24:56 Scale Mail Armor
25:38 Husbandry
27:44 Forging
27:53 Chain Mail Armor
32:12 Imperial Age
32:00 Forging
31:28 Cavalier
33:42 Plate Barding Armor
33:43 Iron Casting
33:36 Paladin
36:20 Guilds
38:19 Blast Furnace
40:43 Gold Mining
40:46 Stone Mining
40:28 Light Cavalry
42:01 Caravan
44:10 Coinage
45:42 Fletching
46:23 Plate Mail Armor
47:37 Conscription
48:54 Hussar
61:15 Bodkin Arrow
64:22 Burgundian Vineyards
66:06 Chemistry
65:08 Padded Archer Armor
65:10 Bracer
64:54 Demolition Ship
65:25 Man-at-Arms
67:26 Town Watch
steffens-spieleadresse
0:34 Loom
13:28 Feudal Age
18:24 Castle Age
17:51 Double-Bit Axe
23:59 Fishing Lines
26:20 Gillnets
26:48 Pikeman
30:08 Gold Mining
31:04 Wheelbarrow
30:15 Town Watch
34:55 Imperial Age
33:11 Scale Mail Armor
33:21 Forging
33:21 Arson
34:21 Chain Mail Armor
36:23 Plate Mail Armor
36:29 Iron Casting
35:44 Fletching
36:51 Padded Archer Armor
36:49 Cranequins
38:33 Elite Varangian Guard
41:56 Chemistry
41:16 Ballistics
43:13 Fortified Wall
43:09 Siege Engineers
43:25 Ballistics
43:07 Heavy Mounted Crossbowman
43:43 Heavy Scorpion
44:49 Leather Archer Armor
44:30 Bodkin Arrow
45:20 Scale Barding Armor
45:51 Iron Casting
50:50 Elite Skirmisher
51:10 Elite Jarl
55:44 Hand Cart
58:56 Capped Ram
61:56 Masonry
61:21 Siege Ram
64:34 Bodkin Arrow
67:38 Bracer
Connection lost

Rejoining the realm…

Still unreachable

The connection could not be restored.

Session expired

The server has moved on; the page needs a fresh start.